Map: Site Delta LE

Players

SirBedivere

  • Race: Protoss Protoss
  • League: Bronze
  • Spawn Location: 11:00

demzi - Winner!

  • Race: Zerg Zerg
  • League: Silver
  • Spawn Location: 5:00

VOD

Have the link to the VOD?

Description

Time

  • Played on: March 20, 2024, 6:44 p.m.
  • Length: 7:08
Show
View Real Time Build Order
Export as new Build Order

SirBedivere Protoss 

Build Orders:  

Get SALT Encoding   

  12  0:00  Probe  
  13  0:12  Probe  
  14  0:19  Pylon  
  14  0:24  Probe  
  15  0:37  Probe  
  16  0:42  Gateway  
  16  0:55  Probe  
  17  1:09  Pylon  
  17  1:27  Gateway  
  17  1:29  Gateway  
  17  1:33  Gateway  
  17  1:35  Gateway  
  17  1:40  Zealot  
  19  2:11  Pylon x2  
  19  2:15  Zealot  
  21  2:18  Zealot  
  21  2:20  Zealot  
  21  2:22  Zealot  
  27  2:30  Cybernetics Core  
  27  2:37  Assimilator  
  23  3:07  Zealot x2  
  23  3:08  Zealot  
  23  3:09  Zealot  
  31  3:34  Zealot x2  
  31  3:35  Zealot, Probe  
  31  3:36  Zealot  
  31  3:37  Assimilator  
  38  3:47  Probe (Chrono Boost)  
  39  3:59  Probe (Chrono Boost)  
  40  4:05  Probe (Chrono Boost)  
  41  4:13  Probe  
  41  4:16  Stargate  
  42  4:32  Adept  
  42  4:33  Adept  
  42  4:38  Pylon  
  46  4:56  Adept x2  
  50  5:04  Void Ray (Chrono Boost)  
  50  5:05  Pylon  
  56  5:45  Void Ray (Chrono Boost)  
  56  5:50  Zealot x3  
  56  5:51  Zealot  
Show
View Real Time Build Order
Export as new Build Order

demzi Zerg - Winner!

Build Orders: Hatch First 

Get SALT Encoding   

  12  0:00  Drone  
  13  0:12  Overlord  
  13  0:16  Drone  
  14  0:31  Drone x2  
  16  0:52  Hatchery  
  15  0:57  Drone  
  15  1:00  Drone  
  17  1:09  Drone x2  
  19  1:12  Extractor  
  18  1:20  Drone  
  19  1:28  Spawning Pool  
  18  1:45  Drone x2  
  20  2:10  Overlord  
  20  2:16  Queen x2  
  20  2:18  Zergling x2  
  20  2:19  Zergling x6  
  28  2:32  Spine Crawler  
  28  2:34  Spine Crawler  
  28  2:35  Zergling x2  
  27  2:37  Zergling x2  
  27  2:40  Spine Crawler  
  27  2:41  Zergling x2  
  28  2:45  Drone  
  28  2:47  Drone  
  23  3:06  Drone  
  23  3:07  Drone x3  
  26  3:14  Queen  
  28  3:22  Drone  
  28  3:23  Drone x2  
  31  3:38  Drone x2  
  31  3:39  Drone  
  31  3:40  Spine Crawler  
  31  3:41  Spine Crawler  
  32  3:42  Drone  
  32  3:44  Drone  
  34  3:54  Overlord  
  34  3:56  Drone x2  
  36  4:13  Drone x3  
  36  4:15  Drone x2  
  41  4:19  Extractor  
  41  4:20  Drone x2  
  41  4:22  Extractor  
  41  4:28  Queen  
  43  4:36  Roach Warren  
  42  4:41  Lair  
  42  4:44  Drone  
  42  4:45  Drone, Extractor  
  44  4:46  Drone, Overlord x2  
  44  5:04  Drone  
  44  5:05  Drone x3  
  48  5:08  Drone x2  
  50  5:21  Roach x4  
  53  5:29  Zergling x2  
  51  5:36  Roach x2  
  54  5:48  Roach  
  54  5:49  Roach x2  
  60  5:51  Overlord x3  
  60  6:07  Overlord x4  
  60  6:35  Roach  
  60  6:36  Roach x6  
Tags
 
Matchup
PvZ
Replay Pack
Multiplayer
Spawn Locations
Cross Positions
Add a new tag
Caveats
  • Supply blocks, unpowered buildings, or Contaminate may cause inaccurate times.
  • Supply counts are checked every 10 seconds.